 Dungeon Crawl Stone Soup version 0.32-a0-818-gb728d0252e (webtiles) character file.

Game seed: 17103446857965073715

595 GloriousHammer the Shooter (level 7, -2/48 HPs)
             Began as a Coglin Hexslinger on Mar 25, 2024.
             Slain by an ice beast (9 damage)
             ... on level 4 of the Dungeon.
             The game lasted 00:05:04 (2623 turns).

GloriousHammer the Shooter (Coglin Hexslinger)      Turns: 2623, Time: 00:05:05

Health: -2/48      AC:  3    Str:  8    XL:     7   Next: 40%
Magic:  11/11      EV: 10    Int: 13    God:
Gold:   199        SH:  0    Dex: 18    Spells: 10/12 levels left

rFire   . . .        a - +1 sling {Harkiran}
rCold   . . .        d - +0 sling {Balvinder}
rNeg    . . .        e - +0 leather armour
rPois   .            (no helmet)
rElec   .            m - scarf {repulsion}
rCorr   .            (no gloves)
SInv    .            (no boots)
Will    .....        (amulet unavailable)
Stlth   +            (ring unavailable)
HPRegen 0.28/turn    (ring unavailable)
MPRegen 0.12/turn    (no gizmo)

%: repel missiles
@: revved
A: off-hand wielding, slow wielding, warmup strikes, no jewellery
a: Invent Gizmo


You were on level 4 of the Dungeon.
You visited 1 branch of the dungeon, and saw 4 of its levels.

You collected 199 gold pieces.

Inventory:

Hand Weapons
 a - a +1 sling (weapon) {Harkiran}
 d - a +0 sling (offhand) {Balvinder}
Armour
 c - a +0 robe
 e - a +0 leather armour (worn)
 m - a scarf of repulsion (worn)
Wands
 p - a wand of flame (22)
Scrolls
 b - a scroll of poison
 f - a scroll of torment {unknown}
 g - a scroll of vulnerability {unknown}
 i - 3 scrolls of identify {unknown}
 j - a scroll of revelation {unknown}
 k - a scroll of teleportation {unknown}
 o - a scroll of immolation {unknown}
 q - a scroll of amnesia {unknown}
 s - a scroll of fear {unknown}
 v - a scroll of brand weapon {unknown}
Potions
 h - 2 potions of enlightenment {unknown}
 l - a potion of haste {unknown}
 n - a potion of resistance {unknown}
 r - a potion of lignification {unknown}
 t - a potion of heal wounds {unknown}
 u - a potion of magic {unknown}
 w - a potion of might {unknown}
 x - a potion of ambrosia {unknown}


   Skills:
 - Level 1.0 Fighting
 * Level 4.8 Ranged Weapons
 - Level 2.0 Armour
 - Level 1.7 Dodging
 + Level 3.0 Spellcasting
 + Level 4.2 Hexes
 - Level 1.2 Fire Magic


You had 10 spell levels left.
You knew the following spells:

 Your Spells              Type           Power      Damage    Failure   Level
a - Jinxbite              Hex            26%        N/A       9%          2

Your spell library contained the following spells:

 Spells                   Type           Power      Damage    Failure   Level
 Sigil of Binding         Hex            13%        N/A       17%         3
 Inner Flame              Hex/Fire       9%         N/A       30%         3
 Cause Fear               Hex            6%         N/A       50%         4
 Dimensional Bullseye     Hex/Tloc       3%         N/A       80%         4
 Yara's Violent Unravell  Hex/Alch       3%         3d4       98%         5
 Enfeeble                 Hex            6%         N/A       100%        7


Dungeon Overview and Level Annotations

Branches:
Dungeon (4/15)
 Temple: D:4-7

Altars:
Fedhas
Hepliaklqana


Innate Abilities, Weirdness & Mutations

You can wield a second weapon in your off-hand.
It takes a long time for you to wield or remove held weapons.
Your first few attacks do less damage.
You cannot equip rings or amulets.


Message History

You shoot a sling bullet. The sling bullet hits the hobgoblin.
You kill the hobgoblin!
No target in view!
No target in view!
You open the door.
There is an open door here.
You open the door.
Found 3 stones.
There is an open door here.
You see here 3 stones.
x - an orange potion No target in view!
You now have 199 gold pieces (gained 9).
A howler monkey comes into view.
A howler monkey is nearby!
A howler monkey is nearby!
You shoot a sling bullet.
The sling bullet hits the howler monkey.
The howler monkey is lightly wounded.
You shoot a sling bullet.
The sling bullet hits the howler monkey.
The howler monkey is lightly wounded.
The howler monkey completely misses you.
You shoot a sling bullet.
The sling bullet hits the howler monkey.
The howler monkey is moderately wounded.
You shoot a sling bullet.
The sling bullet completely misses the howler monkey.
The howler monkey hoots and howls with incredible vigour!
You shoot a sling bullet.
The sling bullet closely misses the howler monkey.
You shoot a sling bullet.
The sling bullet hits the howler monkey but does no damage.
The howler monkey is moderately wounded.
The howler monkey hits you but does no damage.
The howler monkey closely misses you.
You shoot a sling bullet.
The sling bullet barely misses the howler monkey.
You shoot a sling bullet.
The sling bullet hits the howler monkey but does no damage.
The howler monkey is moderately wounded.
An ice beast comes into view.
The howler monkey hits you.
You shoot a sling bullet.
The sling bullet hits the howler monkey!
The howler monkey is severely wounded.
You shoot a sling bullet.
The sling bullet hits the howler monkey.
The howler monkey is almost dead.
The howler monkey hits you! The howler monkey hits you.
You shoot a sling bullet.
The sling bullet hits the howler monkey but does no damage.
The howler monkey is almost dead.
You shoot a sling bullet.
The sling bullet closely misses the howler monkey.
The howler monkey hoots and howls with incredible vigour!
You shoot a sling bullet.
The sling bullet completely misses the howler monkey.
The sling bullet hits the ice beast but does no damage.
You shoot a sling bullet.
The sling bullet closely misses the howler monkey.
The sling bullet closely misses the ice beast.
The howler monkey closely misses you. The howler monkey misses you.
You shoot a sling bullet.
The sling bullet hits the howler monkey.
You kill the howler monkey!
You shoot a sling bullet. The sling bullet hits the ice beast.
The ice beast is lightly wounded.
The ice beast closely misses you.
You shoot a sling bullet.
The sling bullet hits the ice beast but does no damage.
The ice beast is lightly wounded.
You shoot a sling bullet. The sling bullet hits the ice beast.
The ice beast is moderately wounded.
The ice beast hits you but does no damage.
The ice beast attacks as it pursues you!
The ice beast hits you. The ice beast freezes you!
You are too injured to fight recklessly!
You are too injured to fight recklessly!
Unknown command.
You are too injured to fight recklessly!
Fire: a) +1 sling {Harkiran}
Press: ? - help, Q - select action, (/) - cycle Shift-Dir - straight line, f/p - ice beast
Aim: an ice beast (moderately wounded, 62% to hit)
You shoot a sling bullet.
The sling bullet closely misses the ice beast.
You shoot a sling bullet. The sling bullet hits the ice beast.
The ice beast is heavily wounded.
The ice beast hits you. The ice beast freezes you!
* * * LOW HITPOINT WARNING * * *
Okay, then.
Aiming: Throw Flame
Press: ? - help, Shift-Dir - straight line, f/p - ice beast
Aim: an ice beast (heavily wounded, 68% to hit)
The puff of flame hits the ice beast.
The ice beast melts!
The ice beast is severely wounded.
The ice beast hits you.
* * * LOW HITPOINT WARNING * * *
The ice beast freezes you!
You die...

....# #(# #.# ..## #.#
#.# .. ##.##########.#
# ##^###...#.........#
#.##..........#########
.....##...#.#####
####... ##........#
......†###.##.###.# #
#.Y@.....# #.#
#####.#### #.#
#.#####.# #.#
#.......######.#
#####..........#
#.#.#####.##
######.#.### #.# ###
#..........###.###...#
##
#..####.#.#.........#.#


You could see an ice beast.

Vanquished Creatures
  Sigmund (D:3)
  Menkaure (D:4)
  A scorpion (D:4)
  A howler monkey (D:4)
  2 hounds (D:4)
  A jelly (D:4)
  Jessica (D:2)
  An iguana (D:4)
  3 adders
  2 dart slugs
  4 orcs
  8 ball pythons
  2 endoplasms
  A giant cockroach (D:1)
  7 goblins
  4 hobgoblins
  4 quokkas
  8 bats
  2 frilled lizards
  3 kobolds
  3 rats (D:2)
60 creatures vanquished.

Notes
Turn   | Place    | Note
-------+----------+-------------------------------------------
     0 | D:1      | GloriousHammer the Coglin Hexslinger began the quest for
                  | the Orb.
     0 | D:1      | Reached XP level 1. HP: 15/15 MP: 2/2
   227 | D:1      | Reached skill level 1 in Fire Magic
   430 | D:1      | Reached XP level 2. HP: 21/21 MP: 3/3
   872 | D:1      | Learned a level 2 spell: Jinxbite
   889 | D:2      | Reached XP level 3. HP: 26/26 MP: 4/4
   966 | D:2      | Noticed Jessica
   972 | D:2      | Killed Jessica
   973 | D:2      | Reached skill level 1 in Armour
   973 | D:2      | Reached XP level 4. HP: 32/32 MP: 6/6
  1394 | D:3      | Noticed Sigmund
  1411 | D:3      | HP: 1/32 [Sigmund/+0 scythe (11)]
  1412 | D:3      | Killed Sigmund
  1413 | D:3      | Reached XP level 5. HP: 1/37 MP: 3/8
  1413 | D:3      | Reached XP level 6. HP: 2/43 MP: 3/9
  1838 | D:3      | Found a hazy altar of Hepliaklqana.
  1892 | D:4      | Noticed Menkaure
  1901 | D:4      | Killed Menkaure
  2295 | D:4      | Reached XP level 7. HP: 48/48 MP: 11/11
  2359 | D:4      | Found a blossoming altar of Fedhas.
  2623 | D:4      | Slain by an ice beast

Illustrated notes

Levels and vault maps discovered:
D:1:      sevenhm_arrival_forest_fort_small_6, layout_loops_corners,
          columned_hall_lemuel
D:2:      layout_rooms, uniq_jessica
D:3:      layout_basic, lemuel_round_altar, uniq_sigmund
D:4:      layout_loops_corners, lemuel_doored_altar,
          serial_library_hellmonk_room_a, uniq_menkaure

Skill      XL: |  1  2  3  4  5  6  7 |
---------------+----------------------+-----
Fire Magic     | 1 |  1.2
Ranged Weapons | 2 3 4 |  4.8
Hexes          | 3 4 |  4.2
Armour         | 1 2 |  2.0
Spellcasting   | 2 3 |  3.0
Fighting       | |  1.0
Dodging        | |  1.7

Action                     |  1- 3 |  4- 6 |  7- 9 || total
---------------------------+-------+-------+-------++-------
   Fire: Sling             |   100 |   128 |   106 ||   334
   Cast: Jinxbite          |       |     2 |       ||     2
  Evoke: Wand              |       |     1 |     1 ||     2
 Armour: Robe              |     3 |       |       ||     3
         Leather armour    |     1 |    16 |    18 ||    35
  Dodge: Dodged            |     4 |    10 |    25 ||    39
         Repelled          |       |     1 |       ||     1

Table legend: (Time is in decaauts)
 A = Elapsed time spent in this place.
 B = Non-inter-level travel time spent in this place.
 C = Inter-level travel time spent in this place.
 D = Time resting spent in this place.
 E = Time spent auto-exploring this place.
 F = Levels seen in this place.
 G = Mean time per level.
                   A        B        C        D        E       F      G
               +--------+--------+--------+--------+--------+-----+--------+
         Total |   2671 |   2605 |     66 |    393 |   1801 |   4 |  667.8 |
       Dungeon |   2671 |   2605 |     66 |    393 |   1801 |   4 |  667.8 |
               +--------+--------+--------+--------+--------+-----+--------+

Top non-repeatable levels by time:
     D:1: 894 daAuts
     D:4: 752 daAuts
     D:3: 572 daAuts
     D:2: 451 daAuts
